 Dungeon Crawl Stone Soup version 0.17.0-28-g6e173f8 (webtiles) character file.

1154 gorblad the Fighter (level 8, -1/71 HPs)
             Began as a Human Fighter on Dec 2, 2015.
             Slain by a soldier ant (12 damage)
             ... on level 5 of the Dungeon.
             The game lasted 00:14:13 (5232 turns).

gorblad the Fighter (Human Fighter)                 Turns: 5232, Time: 00:14:14

Health: -1/71      AC:  8    Str: 18    XL:     8   Next: 65%
Magic:  17/17      EV:  8    Int:  8    God:
Gold:   236        SH:  9    Dex: 14    Spells: 0 memorised, 7 levels left

rFire  . . .     SeeInvis .     d - +1 falchion (holy)
rCold  . . .     Clarity  .     r - +2 robe of the Eleven Lives {Slay+3}
rNeg   . . .     SustAt   .     c - +0 shield
rPois  .         Gourm    .     s - +0 helmet
rElec  .         Spirit   .     o - +2 cloak {MR+}
rCorr  .         Warding  .     (no gloves)
rMut   .         Stasis   .     (no boots)
MR     +....                    (no amulet)
Stlth  +.........               (no ring)
                                f - ring of magical power

@: lethally poisoned (-1 -> -3), very slightly contaminated, hasted, very quick,
somewhat resistant to hostile enchantments, very unstealthy
A: no striking features
a: no special abilities


You were on level 5 of the Dungeon.
You were not hungry.

You visited 1 branch of the dungeon, and saw 5 of its levels.

You collected 236 gold pieces.

Inventory:

Hand Weapons
 d - a +1 falchion of holy wrath (weapon)
Armour
 b - a +0 scale mail
 c - a +0 shield (worn)
 o - a +2 cloak of magic resistance (worn)
 r - the +2 robe of the Eleven Lives (worn) {Slay+3}
   (You found it on level 5 of the Dungeon)

   It affects your accuracy and damage with ranged weapons and melee attacks
   (+3).
 s - a +0 helmet (worn)
Jewellery
 f - a ring of magical power (left hand)
Wands
 a - a wand of magic darts (41)
 g - a wand of polymorph (3)
Scrolls
 m - 2 scrolls of identify
 n - a scroll of teleportation
 p - a scroll of blinking
Potions
 l - a potion of flight
Comestibles
 e - 2 bread rations
 h - 2 meat rations
 i - 3 chunks of flesh
 j - a fruit
 k - a slice of pizza


   Skills:
 - Level 9.3 Fighting
 + Level 4.4 Long Blades
 - Level 3.0 Armour
 - Level 3.0 Shields


You had 7 spell levels left.
You didn't know any spells.

Dungeon Overview and Level Annotations

Branches:
Dungeon (5/15)
 Temple: D:4-7

Altars:
Gozag

Annotations:
D:5 1 runed door


Message History

* * * LOW HITPOINT WARNING * * *
The worker ant bites you.
* * * LOW HITPOINT WARNING * * *
The giant cockroach barely misses you.
You are too injured to fight recklessly!
Unknown command.
You are too injured to fight recklessly!
Drink which item? (? for menu, Esc to quit)
You feel yourself speed up.
You feel sick. You block the worker ant's attack.
The soldier ant barely misses you. The giant cockroach barely misses you.
You are very lightly contaminated with residual magic.
You hit the giant cockroach.
The giant cockroach is moderately wounded.
The worker ant barely misses you. The soldier ant barely misses you.
The giant cockroach bites you but does no damage.
You slash the giant cockroach!
You kill the giant cockroach!
The worker ant bites you but does no damage.
The soldier ant stings you!
You die...

# #####...#####.# #.# #
#......!....... #.# ###
#.##....#.##.<# #.# ..#
##.#.#.####### #.#
..###.###..#..... #.#
..#.......##..... #.#
...........#....#######
#.#
..#.......##....#a....# .
#.#
..#......###....@†.!..+
.. #.# ..#.....##
#....#ab...# ... #.#
#####.#.#
#...÷#######.... #.##
#.#.# #...............
#..# #.#.#
#............... ##.#
#.#.# #########'#######
#.#
#.#.###................
#.#
###.#...........###..####
#.# #.....###.#####.#
#..# #.#


You could see a soldier ant and a worker ant.

Vanquished Creatures
  Grinder (D:5)
  Eustachio (D:3)
  An ice beast (D:5)
  A centaur (D:5)
  A scorpion (D:4)
  A crimson imp (D:5)
  An orc priest (D:4)
  Crazy Yiuf (D:3)
  8 worker ants (D:5)
  Jessica (D:3)
  2 orc wizards (D:3)
  Terence (D:3)
  Robin (D:3)
  2 adders
  3 gnolls (D:3)
  An ooze (D:1)
  3 worms
  2 giant geckos (D:1)
  10 orcs
  14 giant cockroaches
  22 goblins
  3 hobgoblins
  8 jackals
  6 kobolds
  2 quokkas (D:5)
  A ball python skeleton (D:4)
  3 bats (D:1)
  2 giant newts
  4 rats (D:1)
107 creatures vanquished.

Notes
Turn   | Place    | Note
--------------------------------------------------------------
     0 | D:1      | gorblad the Human Fighter began the quest for the Orb.
     0 | D:1      | Reached XP level 1. HP: 18/18 MP: 1/1
   186 | D:1      | Reached XP level 2. HP: 21/24 MP: 2/2
   265 | D:1      | Reached skill level 4 in Fighting
   265 | D:1      | Reached XP level 3. HP: 27/30 MP: 3/3
  1320 | D:2      | Reached XP level 4. HP: 26/38 MP: 4/4
  1673 | D:3      | Noticed Terence
  1687 | D:3      | Reached skill level 5 in Fighting
  1699 | D:3      | Killed Terence
  1699 | D:3      | Reached XP level 5. HP: 13/44 MP: 5/5
  2037 | D:3      | Noticed Robin
  2082 | D:3      | Killed Robin
  2376 | D:3      | Noticed Jessica
  2404 | D:3      | Reached skill level 6 in Fighting
  2412 | D:3      | Killed Jessica
  2412 | D:3      | Reached XP level 6. HP: 11/52 MP: 6/6
  2760 | D:3      | Noticed Crazy Yiuf
  2779 | D:3      | Killed Crazy Yiuf
  3030 | D:4      | Noticed Eustachio
  3292 | D:3      | Killed Eustachio
  3292 | D:3      | Reached skill level 7 in Fighting
  3292 | D:3      | Reached XP level 7. HP: 24/60 MP: 7/7
  3741 | D:4      | Reached skill level 8 in Fighting
  4167 | D:5      | Entered Level 5 of the Dungeon
  4226 | D:5      | Found an opulent altar of Gozag.
  4330 | D:5      | Noticed Grinder
  4343 | D:5      | Paralysed by Grinder for 6 turns
  4349 | D:5      | Killed Grinder
  4349 | D:5      | Reached XP level 8. HP: 30/70 MP: 8/8
  4372 | D:5      | Reached skill level 9 in Fighting
  4865 | D:5      | Got an ancient robe
  4876 | D:5      | Identified the +2 robe of the Eleven Lives {Slay+3} (You found it on level 5 of the Dungeon)
  5176 | D:5      | Found a runed door.
  5182 | D:5      | Found a runed door.
  5232 | D:5      | Slain by a soldier ant

Action                   |  1- 3 |  4- 6 |  7- 9 || total
-------------------------+-------+-------+-------++-------
Melee: Long sword        |   122 |   234 |       ||   356
       Falchion          |       |       |   192 ||   192
  Use: Scroll            |     3 |     7 |     2 ||    12
       Potion            |       |     7 |     3 ||    10
  Eat: Chunk             |     1 |     8 |     2 ||    11
       Fruit             |       |     1 |       ||     1
       Meat ration       |       |       |     1 ||     1
